 Dungeon Crawl Stone Soup version 0.30.0-11-gf55b779eaf (webtiles) character file.

Game seed: 10946572653938499286

65962 tizbic2 the Tortoise (level 14, -3/118 HPs)
             Began as a Demonspawn Berserker on May 16, 2023.
             Was a High Priest of Trog.
             Slain by a skyshark (9 damage)
             ... on level 3 of the Lair of Beasts.
             The game lasted 01:39:37 (19132 turns).

tizbic2 the Tortoise (Demonspawn Berserker)        Turns: 19132, Time: 01:39:38

Health: -3/118     AC: 26    Str: 23    XL:     14   Next: 77%
Magic:  0/14       EV:  7    Int: 17    God:    Trog [*****.]
Gold:   404        SH: 14    Dex:  8    Spells: 13/13 levels left

rFire   + . .        w - +2 demon whip (venom)
rCold   + + .        M - +4 kite shield
rNeg    + . .        R - +2 plate armour of a wizard's laboratory {Rampage +Blink Will+++ Dex-2}
rPois   +            U - +1 hat of Cuawi {Regen+ rCorr Int+8 Dex-2}
rElec   .            Q - scarf {rC+ rF+}
rCorr   +            T - +0 pair of gloves
SInv    .            Y - +2 pair of boots {rampage}
Will    ++++.        q - amulet of guardian spirit Stlth
                     W - ring "Olo Eff" {rPois rC+ rN+ Slay+5}
HPRegen 1.19/turn    G - +4 ring of slaying
MPRegen 0.14/turn

%: guardian spirit, rampage
@: very slow
A: horns 2, rugged brown scales 1, ignite blood 1, powered by death 1
a: Renounce Religion, Evoke Blink, Berserk, Trog's Hand, Brothers in Arms


You were on level 3 of the Lair of Beasts.
You worshipped Trog.
Trog was extremely pleased with you.
You visited 4 branches of the dungeon, and saw 20 of its levels.
You also visited: Gauntlet and Ice Cave.

You collected 1857 gold pieces.
You spent 1453 gold pieces at shops.

Inventory:

Hand Weapons
 a - a +3 flail of electrocution
 s - a +0 heavy broad axe
 w - a +2 demon whip of venom (weapon)
Missiles
 f - 33 poisoned darts (quivered)
 g - 9 curare-tipped darts
 j - 16 boomerangs
 I - 2 throwing nets
 J - 2 javelins
 V - 4 silver javelins
Armour
 p - a +2 cloak
 M - a +4 kite shield (worn)
 N - a +3 chain mail of fire resistance
 Q - a scarf of resistance (worn)
 R - the +2 plate armour of a wizard's laboratory (worn) {Rampage +Blink Will+++ Dex-2}
   (You bought it in a shop on level 2 of the Orcish Mines)

   Dex:       It affects your dexterity (-2).
   +Blink:    It lets you blink.
   Rampage:   It bestows one free step when moving towards enemies.
   Will:      It greatly increases your willpower.
 T - a +0 pair of gloves (worn)
 U - the +1 hat of Cuawi (worn) {Regen+ rCorr Int+8 Dex-2}
   (You found it in a Gauntlet)

   Int:       It affects your intelligence (+8).
   Dex:       It affects your dexterity (-2).
   Regen:     It increases your rate of health regeneration.
   rCorr:     It protects you from acid and corrosion.
 Y - a +2 pair of boots of rampaging (worn)
Jewellery
 q - an amulet of guardian spirit (around neck)
 G - a +4 ring of slaying (right hand)
 P - a +4 ring of protection
 W - the ring "Olo Eff" (left hand) {rPois rC+ rN+ Slay+5}
   (You found it in an ice cave)

   [ring of protection from cold]

   Slay:      It affects your accuracy & damage with ranged weapons and melee
   (+5).
   rC:        It protects you from cold.
   rPois:     It protects you from poison.
   rN:        It protects you from negative energy.
 X - the ring of Eternal Night {Ice Will+ Int+4 Dex-5}
   (You found it in an ice cave)

   [ring of ice]

   It enhances your ice magic.
   Int:       It affects your intelligence (+4).
   Dex:       It affects your dexterity (-5).
   rF:        It makes you vulnerable to fire.
   rC:        It protects you from cold.
   Will:      It increases your willpower.
 Z - the ring of Saushis {rC+ rCorr Dex-5 SInv}
   (You found it in an ice cave)

   [ring of protection from cold]

   Dex:       It affects your dexterity (-5).
   rC:        It protects you from cold.
   SInv:      It lets you see invisible.
   rCorr:     It protects you from acid and corrosion.
Wands
 m - a wand of flame (37)
 y - a wand of quicksilver (29)
 A - a wand of mindburst (40)
 K - a wand of iceblast (4)
 L - a wand of polymorph (13)
 S - a wand of digging (2)
Scrolls
 e - a scroll of fog
 h - 3 scrolls of teleportation
 v - a scroll of silence
 B - 2 scrolls of torment
 C - 4 scrolls of poison
 D - 9 scrolls of identify
 E - 2 scrolls of magic mapping
 H - a scroll of immolation
 O - a scroll of blinking
Potions
 b - 2 potions of might
 c - a potion of invisibility
 i - 2 potions of lignification
 k - 3 potions of curing
 l - 2 potions of berserk rage
 o - 4 potions of mutation
 r - 4 potions of haste
 t - 2 potions of magic
 u - 2 potions of attraction
 x - 5 potions of flight
 z - a potion of resistance


   Skills:
 + Level 12.2 Fighting
 - Level 4.2(8.6) Axes
 - Level 11.7(12.0) Maces & Flails
 * Level 15.1 Armour
 - Level 1.7 Dodging
 * Level 10.8 Shields


You had 13 spell levels left.
You didn't know any spells.
Your spell library was empty.

Dungeon Overview and Level Annotations

Branches:
Dungeon (14/15)            Temple (0/1) D:7            Lair (3/5) D:10
 Shoals (1/4) Lair:3        Snake (0/4) Lair:3          Orc (2/2) D:9
    Elf (0/3) Orc:2        Vaults (0/5) D:13          IceCv (visited)
Gauntlet (visited)

Altars:
Dithmenos
Gozag
Hepliaklqana
Sif Muna
Vehumet
Wu Jian
Xom

Shops:
D:3 =   D:7 *   D:9 *   D:11 [   D:12 [   Orc:2 [?:=[

Annotations:
Lair:1 1 runed translucent door, NBAGuy's ghost, novice MiFi


Innate Abilities, Weirdness & Mutations

You have a pair of horns on your head.
You are partially covered in rugged brown scales. (AC +1, +3% HP)
Your demonic aura sometimes causes spilled blood to erupt in flames.
You regenerate a little health from kills.


Message History

The skyshark tail-slaps you but does no damage.
The skyshark barely misses you.
You're too confused to move!
The skyshark barely misses you.
The skyshark tail-slaps you but does no damage. x2
Your unstable footing causes you to fumble your attack.
The skyshark bites you!
* * * LOW HITPOINT WARNING * * *
The skyshark enters a blood-rage!
The skyshark tail-slaps you but does no damage. x2
The skyshark bites you!
* * * LOW HITPOINT WARNING * * *
The skyshark tail-slaps you.
* * * LOW HITPOINT WARNING * * *
The skyshark tail-slaps you but does no damage.
You hit the skyshark.
The skyshark is poisoned.
The skyshark is lightly wounded.
The skyshark bites you but does no damage.
The skyshark tail-slaps you!
* * * LOW HITPOINT WARNING * * *
The skyshark tail-slaps you but does no damage.
Okay, then.
The skyshark is engulfed in a cloud of scalding steam.
The skyshark closely misses you.
The skyshark tail-slaps you but does no damage. x2
The skyshark is engulfed in a cloud of scalding steam.
The skyshark bites you but does no damage.
The skyshark tail-slaps you.
* * * LOW HITPOINT WARNING * * *
The skyshark tail-slaps you!
* * * LOW HITPOINT WARNING * * *
There is an open door, spattered with blood here.
You enter the shallow water.
Moving in this stuff is going to be slow.
You feel less invigorated.
You feel less confused. The skyshark bites you!
* * * LOW HITPOINT WARNING * * *
The skyshark tail-slaps you but does no damage.
The skyshark tail-slaps you!
You die...

###### ### ############# #
#.##.###.######.##.#.#.##.#####.#
.................................
........P#.'####.#####...^...#...
..###.#..#.#~~~#.#~~~#.##.....##.
..# ##...#.#≈~~###~~~#.##.....P..
...(#....###~~~#~#~≈~##..........
........## ####@°###~#.......#P.
..#.#P#.# #~l~#~~~#.......##.
...###### #~>~#~≈≈##.....#...
..P..#..### #~~~#~~~#.#.....##.
.........# #+~####~##......P.#
..........## #~#~~~##........P#
........<..# ###~~≈#...........
...........# #.#~~~#...........
...........#####.####'...........


You could see a skyshark (berserk, poisoned).

Vanquished Creatures
  Rupert (D:12)
  Frances (D:12)
  2 azure jellies (IceCv)
  Azrael (D:14)
  A minotaur (Gauntlet)
  A vault guard (D:13)
  4 hydras
  A rakshasa (D:12)
  A catoblepas (D:13)
  3 centaur warriors
  4 two-headed ogres
  4 boulder beetles
  2 tengu warriors
  4 orc high priests (Orc:2)
  Amaemon (D:8)
  A skeletal warrior (D:14)
  2 sea snakes (Shoals:1)
  A deep troll (shapeshifter) (D:13)
  A deep elf pyromancer (D:13)
  5 orc knights (Orc:2)
  2 ugly things
  3 orc sorcerers (Orc:2)
  A manticore (Shoals:1)
  3 fauns (Shoals:1)
  2 merfolk sirens (Shoals:1)
  2 black mambas (Lair:1)
  A cyclops (D:13)
  2 ice statues (IceCv)
  Joseph (Lair:1)
  An orange demon (D:8)
  7 cane toads
  3 rime drakes
  Maggie (Lair:1)
  A yaktaur (D:12)
  4 kobold demonologists
  5 komodo dragons
  10 trolls
  A queen bee (shapeshifter) (D:12)
  A hornet (D:10)
  5 blink frogs (Lair:1)
  4 polar bears (Lair:2)
  A snapping turtle (Shoals:1)
  13 slime creatures (IceCv)
  6 centaur simulacra (Gauntlet)
  A shadow (D:12)
  3 vampires
  2 wraiths
  48 yaks
  2 fire elementals (D:14)
  2 water elementals
  3 wyverns
  3 basilisks
  A ynoxinul (Gauntlet)
  A steam dragon (Lair:1)
  9 vampire mosquitoes
  Grum (D:8)
  A warg (Orc:2)
  2 acid dragons
  A hydra simulacrum (Gauntlet)
  3 nagas (Lair:3)
  9 water moccasins
  17 orc warriors
  4 hell hounds (D:14)
  2 black bears
  A sky beast (D:7)
  The ghost of abessonov the Scratcher, an amateur FeTm (D:4)
  An ice beast (D:7)
  3 boggarts
  3 wolves (D:8)
  5 ogres
  6 centaurs
  A phantom (D:5)
  A slime creature simulacrum (IceCv)
  3 kobold brigands
  11 bullfrogs
  2 gnoll sergeants
  5 glowing shapeshifter simulacra (IceCv)
  3 scorpions
  20 killer bees
  3 jellies
  7 howler monkeys
  7 electric eels
  6 hounds
  A wyvern simulacrum (Gauntlet)
  3 iron imps (Gauntlet)
  7 orc priests
  3 sleepcaps
  Jessica (D:2)
  2 iguanas
  13 orc wizards
  5 shapeshifter simulacra (IceCv)
  5 adders
  6 gnolls
  A white imp (D:5)
  3 dart slugs
  50 orcs
  9 ball pythons
  4 bats
  5 endoplasms
  4 giant cockroaches
  6 goblins
  3 hobgoblins
  4 jackals
  A quokka (D:2)
  4 frilled lizards
  22 kobolds
  2 rats
489 creatures vanquished.

Vanquished Creatures (others)
  A centaur warrior (D:13)
  An orc priest (Orc:2)
  An orc (Orc:2)
  2 tentacles (Shoals:1)
5 creatures vanquished.

Grand Total: 494 creatures vanquished

Notes
Turn   | Place    | Note
-------+----------+-------------------------------------------
     0 | D:1      | tizbic2 the Demonspawn Berserker began the quest for the
                  | Orb.
     0 | D:1      | Reached XP level 1. HP: 18/18 MP: 1/1
   437 | D:1      | Reached skill level 2 in Armour
   437 | D:1      | Gained mutation: You have a pair of small horns on your
                  | head. [demonic ancestry]
   437 | D:1      | Reached XP level 2. HP: 24/24 MP: 2/2
   695 | D:2      | Noticed Jessica
   702 | D:2      | Killed Jessica
   703 | D:2      | Gained mutation: You have a pair of horns on your head.
                  | [demonic ancestry]
   703 | D:2      | Reached XP level 3. HP: 13/29 MP: 3/3
   836 | D:2      | Reached ** piety under Trog
  1274 | D:3      | Found a faded altar of an unknown god.
  1517 | D:3      | Found a shimmering blue altar of Sif Muna.
  1581 | D:3      | Found Bouce's Jewellery Boutique.
  1602 | D:3      | Reached XP level 4. HP: 28/35 MP: 4/4
  2067 | D:4      | Found a shimmering altar of Xom.
  2185 | D:4      | Reached XP level 5. HP: 30/42 MP: 5/5
  2441 | D:4      | Noticed an ogre
  2446 | D:4      | Killed an ogre
  2447 | D:4      | Reached skill level 1 in Maces & Flails
  2447 | D:4      | Reached skill level 3 in Armour
  2448 | D:4      | Reached *** piety under Trog
  2473 | D:4      | Found a runed translucent door.
  2474 | D:4      | Noticed abessonov's ghost (amateur FeTm)
  2523 | D:4      | Gained mutation: You regenerate a little health from kills.
                  | [demonic ancestry]
  2523 | D:4      | Reached XP level 6. HP: 48/48 MP: 2/6
  2532 | D:4      | Killed abessonov's ghost
  2756 | D:4      | Found an ornate altar of the Wu Jian Council.
  3092 | D:5      | Entered Level 5 of the Dungeon
  3103 | D:5      | Reached skill level 4 in Armour
  3239 | D:5      | Reached XP level 7. HP: 44/55 MP: 5/7
  3633 | D:5      | Reached skill level 5 in Fighting
  3676 | D:5      | Reached skill level 5 in Armour
  4386 | D:6      | Reached XP level 8. HP: 7/62 MP: 5/8
  4387 | D:6      | HP: 2/62 [poisoned by a water moccasin]
  4865 | D:6      | Reached skill level 5 in Maces & Flails
  4865 | D:6      | Reached skill level 6 in Armour
  5782 | D:7      | Found a staircase to the Ecumenical Temple.
  5829 | D:7      | Found Woon's CLEARANCE SALE!.
  5837 | D:7      | Bought a potion of flight for 18 gold pieces
  5837 | D:7      | Bought 3 curare-tipped darts for 21 gold pieces
  5837 | D:7      | Bought a scroll of enchant armour for 45 gold pieces
  5837 | D:7      | Bought a scroll of identify for 12 gold pieces
  5872 | D:7      | Reached XP level 9. HP: 62/69 MP: 7/9
  5966 | D:7      | Found a hazy altar of Hepliaklqana.
  5987 | D:7      | Reached skill level 7 in Armour
  6031 | D:7      | Found an opulent altar of Gozag.
  6034 | D:7      | Found a shadowy altar of Dithmenos.
  6034 | D:7      | Found a radiant altar of Vehumet.
  6452 | D:8      | Noticed Grum
  6468 | D:8      | Reached skill level 1 in Shields
  6471 | D:8      | Killed Grum
  6747 | D:8      | Reached **** piety under Trog
  6754 | D:8      | Noticed Amaemon
  6768 | D:8      | Noticed an orange demon
  6769 | D:8      | Killed Amaemon
  6770 | D:8      | Reached skill level 8 in Armour
  6775 | D:8      | Killed an orange demon
  6776 | D:8      | Reached XP level 10. HP: 44/79 MP: 6/10
  7627 | D:9      | Found a staircase to the Orcish Mines.
  7818 | D:9      | Noticed a smoke demon
  8498 | D:9      | Found Qoept's Elemental Accessories.
  8499 | D:9      | Noticed a two-headed ogre
  8505 | D:9      | Killed a two-headed ogre
  8506 | D:9      | Reached skill level 9 in Armour
  8768 | D:9      | Gained mutation: You are partially covered in rugged brown
                  | scales. (AC +1, +3% HP) [demonic ancestry]
  8768 | D:9      | Reached XP level 11. HP: 65/88 MP: 9/11
  8935 | D:9      | Noticed a two-headed ogre
  8944 | D:9      | Killed a two-headed ogre
  9264 | D:10     | Entered Level 10 of the Dungeon
  9418 | D:10     | Found a staircase to the Lair.
  9448 | D:10     | Reached skill level 10 in Armour
  9474 | D:10     | Reached ***** piety under Trog
 10248 | D:11     | Noticed a two-headed ogre
 10261 | D:10     | Paralysed by a hornet for 1 turns
 10562 | D:11     | Reached skill level 10 in Maces & Flails
 10584 | D:11     | Found Suopass's Armour Boutique.
 10660 | D:10     | Killed a two-headed ogre
 11264 | D:3      | Bought a +4 ring of protection for 432 gold pieces
 11411 | Orc:1    | Entered Level 1 of the Orcish Mines
 11508 | Orc:2    | Entered Level 2 of the Orcish Mines
 11672 | Orc:2    | Noticed an orc knight
 12065 | D:12     | Noticed a boulder beetle
 12268 | D:12     | Noticed a red ugly thing
 12272 | D:12     | Noticed Frances
 12281 | D:12     | Killed a red ugly thing
 12282 | D:12     | Reached skill level 11 in Armour
 12301 | D:12     | Killed Frances
 12444 | D:12     | Gained mutation: Your demonic aura sometimes causes spilled
                  | blood to erupt in flames. [demonic ancestry]
 12444 | D:12     | Reached XP level 12. HP: 93/97 MP: 12/12
 12595 | D:12     | Killed a boulder beetle
 12640 | D:12     | Noticed a boulder beetle
 12676 | D:11     | Killed a boulder beetle
 12897 | D:12     | Noticed a boulder beetle
 12905 | D:12     | Noticed a rakshasa
 12910 | D:12     | Killed a boulder beetle
 12915 | D:12     | Noticed a tengu warrior
 12924 | D:12     | Killed a tengu warrior
 12929 | D:12     | Killed a rakshasa
 13294 | D:12     | Noticed Rupert
 13307 | D:12     | Killed Rupert
 13308 | D:12     | Reached skill level 12 in Armour
 13308 | D:12     | Reached skill level 5 in Shields
 13378 | D:12     | Found Sytuaq's Armour Shoppe.
 13381 | D:12     | Bought a +0 pair of boots for 76 gold pieces
 13563 | D:13     | Received a gift from Trog
 13571 | D:13     | Noticed a two-headed ogre
 13585 | D:13     | Killed a two-headed ogre
 13586 | D:13     | Reached skill level 10 in Fighting
 13722 | D:13     | Found a radiant altar of Vehumet.
 13809 | D:13     | Noticed a centaur warrior
 13820 | D:13     | Killed a centaur warrior
 14010 | D:13     | Noticed a centaur warrior
 14018 | D:13     | Killed a centaur warrior
 14019 | D:13     | Reached XP level 13. HP: 72/106 MP: 8/13
 14174 | D:13     | Found a gate to the Vaults.
 14377 | D:14     | Noticed Azrael
 14408 | D:14     | Killed Azrael
 14409 | D:14     | Reached skill level 13 in Armour
 14451 | D:14     | Found a gate leading to a gauntlet.
 14473 | Gauntlet | Entered a Gauntlet
 14473 | Gauntlet | Found a transporter.
 14473 | Gauntlet | Found a transporter.
 14474 | Gauntlet | Found a transporter.
 14477 | Gauntlet | Found a transporter.
 14477 | Gauntlet | Found a transporter.
 14477 | Gauntlet | Found a transporter.
 14479 | Gauntlet | Found a large runed translucent door.
 14480 | Gauntlet | Found a large runed translucent door.
 14481 | Gauntlet | Found a large runed translucent door.
 14481 | Gauntlet | Found a large runed translucent door.
 14481 | Gauntlet | Found a runed translucent door.
 14483 | Gauntlet | Found a large runed translucent door.
 14488 | Gauntlet | Found a large runed translucent door.
 14489 | Gauntlet | Found a large runed translucent door.
 14490 | Gauntlet | Found a large runed translucent door.
 14492 | Gauntlet | Found a runed translucent gate.
 14496 | Gauntlet | Found a transporter.
 14498 | Gauntlet | Found a transporter.
 14499 | Gauntlet | Found a runed translucent gate.
 14499 | Gauntlet | Found a transporter.
 14499 | Gauntlet | Found a transporter.
 14500 | Gauntlet | Found a runed translucent gate.
 14500 | Gauntlet | Found a runed translucent door.
 14506 | Gauntlet | Found a large runed translucent door.
 14506 | Gauntlet | Found a large runed translucent door.
 14507 | Gauntlet | Found a large runed translucent door.
 14508 | Gauntlet | Found a large runed translucent door.
 14522 | Gauntlet | Found a transporter.
 14529 | Gauntlet | Found a transporter.
 14616 | Gauntlet | Found a large runed translucent door.
 14617 | Gauntlet | Found a large runed translucent door.
 14618 | Gauntlet | Found a large runed translucent door.
 14618 | Gauntlet | Found a large runed translucent door.
 14920 | Gauntlet | Identified the +1 hat of Cuawi {Regen+ rCorr Int+8 Dex-2}
 15017 | Gauntlet | Noticed a minotaur
 15029 | Gauntlet | Killed a minotaur
 15662 | Orc:2    | Found Etriqah's Armour Shop.
 15771 | Orc:2    | Bought the +2 plate armour of a wizard's laboratory
                  | {Rampage +Blink Will+++ Dex-2} for 849 gold pieces
 15830 | Orc:2    | Found a staircase to the Elven Halls.
 15952 | Orc:2    | Found Miesiav's Jewellery Emporium.
 15952 | Orc:2    | Found Xouthras's Book Boutique.
 15956 | Orc:2    | Received a gift from Trog
 15972 | Orc:2    | Found Vimnecote's Magic Scroll Emporium.
 15972 | Orc:2    | Found Assar's Armour Boutique.
 16245 | Lair:1   | Entered Level 1 of the Lair of Beasts
 16332 | Lair:1   | Found a frozen archway.
 16339 | Lair:1   | Reached skill level 14 in Armour
 16339 | Lair:1   | Reached XP level 14. HP: 94/116 MP: 10/14
 16358 | IceCv    | Entered an ice cave
 16679 | IceCv    | Got the ring of Saushis {rC+ rCorr Dex-5 SInv}
 16993 | IceCv    | Found a viscous altar of Jiyva.
 16993 | IceCv    | Noticed an azure jelly
 16997 | IceCv    | Noticed an azure jelly
 17003 | IceCv    | Killed an azure jelly
 17008 | IceCv    | Killed an azure jelly
 17061 | IceCv    | Got the ring "Olo Eff" {rPois rC+ rN+ Slay+5}
 17079 | IceCv    | Got the ring of Eternal Night {Ice Will+ Int+4 Dex-5}
 17445 | Lair:1   | Noticed Joseph
 17453 | Lair:1   | Killed Joseph
 17453 | Lair:1   | Received a gift from Trog
 17533 | Lair:1   | Found a runed translucent door.
 17534 | Lair:1   | Noticed NBAGuy's ghost (novice MiFi)
 17535 | Lair:1   | Identified the +8 trident of Bankruptcy {heavy, Fragile
                  | rCorr Int+5 SInv}
 17591 | Lair:1   | Noticed Maggie
 17606 | Lair:1   | Killed Maggie
 17650 | Lair:1   | Reached skill level 10 in Shields
 17690 | Lair:1   | Upgraded the game from 0.30.0-10-gfe55d96785 to
                  | 0.30.0-11-gf55b779eaf
 18890 | Lair:3   | Found a staircase to the Snake Pit.
 19011 | Lair:3   | Found a staircase to the Shoals.
 19016 | Shoals:1 | Entered Level 1 of the Shoals
 19016 | Shoals:1 | Noticed a kraken
 19063 | Shoals:1 | Received a gift from Trog
 19064 | Shoals:1 | Reached skill level 15 in Armour
 19132 | Lair:3   | Slain by a skyshark

Illustrated notes

Levels and vault maps discovered:
D:1:      lightli_arrival_chessboard, layout_loops_ring
D:2:      minmay_recursive_quarters, layout_rooms, minmay_pentomino_z2,
          uniq_jessica
D:3:      layout_loops_cross, nicolae_sif_muna_condensation,
          dreamdust_ecumenical_altar_hidden_monk_grotto, serial_shops, shop
D:4:      layout_loops_ring, nicolae_wu_jian_immortal_techniques,
          lemuel_doored_altar, ebering_ghost_sewer_d
D:5:      layout_basic
D:6:      layout_loops_corners, portal_sewer_entry_b, corexii_corridor_pit
D:7:      layout_loops_cross, grunt_temple_overflow_open,
          minmay_temple_entry_statues_pillars, nicolae_shop_clearance
D:8:      layout_gridville, uniq_grum, uniq_amaemon
D:9:      nicolae_whirlpool, layout_loops_ring, orc_0_dummy,
          nicolae_elemental_shop, grunt_ministairs_5, minivault_5,
          amcnicky_mini_corridor_feature
D:10:     layout_basic, dpeg_oklobed_lair
D:11:     layout_basic, serial_shops, nicolae_shop_pleasant_corner_grove
D:12:     layout_cave_pools, serial_shops, nicolae_shop_behind_doors,
          st_stairs_3, minmay_shattered_shrine, uniq_rupert, uniq_frances
D:13:     layout_cave_pools, david_vaults_5, nicolae_vehumet_radiance
D:14:     layout_gridville, serial_bayou, serial_bayou_lagoon_a,
          serial_bayou_ford_a, serial_bayou_pond_a, serial_bayou_lake_a,
          gauntlet_entry_generic, ebering_ghost_xom, uniq_azrael
Lair:1:   layout_cave_pods, portal_ice_cave_rime, ebering_ghost_funeral_grove,
          serial_bayou_pond_b, minivault_27, chequers_serial_rivers_micro_a,
          evilmike_ambush [evilmike_ambush_outer_basic,
          evilmike_ambush_inner_basic], lemuel_fruit_tree, uniq_joseph,
          uniq_maggie
Lair:2:   layout_cave_pods, serial_bayou_shore_b
Lair:3:   layout_regular_city, elwin_shoals_entry_rooms,
          nicolae_snake_entry_squirm, infiniplex_staircase_pool_2
Shoals:1: layout_shoals, nicolae_take_the_stairs,
          nicolae_shoals_kraken_intersection
Orc:1:    layout_diamond_mine
Orc:2:    grunt_orc_tribal_feast, layout_caves, serial_shops, shop, basic_altar

Skill      XL: |  1  2  3  4  5  6  7  8  9 10 11 12 13 14 |
---------------+-------------------------------------------+-----
Axes           | 3 4 |  4.2
Armour         | 2 3 4 5 6 8 9 11 12 14 15 | 15.1
Fighting       | 4 5 6 7 8 9 10 11 12 | 12.2
Maces & Flails | 1 2 4 6 7 9 10 11 | 11.7
Shields        | 2 4 6 9 10 | 10.8
Dodging        | |  1.7

Action                     |  1- 3 |  4- 6 |  7- 9 | 10-12 | 13-15 || total
---------------------------+-------+-------+-------+-------+-------++-------
  Melee: Hand axe          |    24 |    12 |       |       |       ||    36
         Dagger            |    39 |    31 |    29 |       |       ||    99
         Headbutt          |     9 |    15 |    33 |   123 |   227 ||   407
         Punch             |     2 |       |       |       |       ||     2
         Flail             |       |    49 |   213 |    79 |    23 ||   364
         Demon whip        |       |       |       |   493 |   721 ||  1214
         War axe           |       |       |       |    10 |       ||    10
   Fire: Sling             |    21 |     8 |       |       |       ||    29
         Shortbow          |       |       |    26 |       |       ||    26
  Throw: Dart              |       |     1 |     7 |    16 |     2 ||    26
         Javelin           |       |       |       |     2 |     2 ||     4
         Boomerang         |       |       |       |     1 |       ||     1
 Invoke: Berserk           |       |     2 |     4 |     8 |     2 ||    16
         Trog's Hand       |       |       |       |     2 |     4 ||     6
         Brothers in Arms  |       |       |       |     1 |     1 ||     2
  Evoke: Wand              |       |       |       |       |     1 ||     1
    Use: Scroll            |     8 |     4 |    11 |    14 |     9 ||    46
         Potion            |       |       |     1 |     3 |     7 ||    11
   Stab: Sleeping          |     1 |       |       |       |       ||     1
         Petrified         |       |       |       |       |     6 ||     6
 Armour: Animal skin       |    21 |       |       |       |       ||    21
         Ring mail         |     2 |    34 |       |       |       ||    36
         Scale mail        |       |    24 |    41 |       |       ||    65
         Chain mail        |       |       |   125 |   258 |   134 ||   517
         Plate armour      |       |       |       |       |   213 ||   213
  Dodge: Dodged            |    52 |    37 |   156 |   185 |   165 ||   595
  Block: Buckler           |       |       |    10 |    67 |       ||    77
         Kite shield       |       |       |       |    90 |   346 ||   436
